 Dungeon Crawl Stone Soup version 0.19-a0-459-gb8ed64d (webtiles) character file.

3747 mistymad the Covert (level 9, -3/68 HPs)
             Began as a Vampire Enchanter on June 2, 2016.
             Slain by a cyan ugly thing (9 damage)
             ... on level 8 of the Dungeon.
             The game lasted 00:20:57 (8108 turns).

mistymad the Covert (Vampire Enchanter)             Turns: 8108, Time: 00:20:57

Health: -3/68      AC:  5    Str: 10    XL:     9   Next: 93%
Magic:  9/17       EV: 17    Int: 17    God:
Gold:   544        SH:  0    Dex: 18    Spells: 4 memorised, 10 levels left

rFire  . . .     SeeInvis +     G - +4 dagger "Buufua" {elec, -Tele rC+ MR+++ Str+3}
rCold  + . .     Gourm    .     b - +1 robe
rNeg   + . .     Faith    .     (no shield)
rPois  .         Spirit   .     (no helmet)
rElec  .         Dismiss  .     N - +0 cloak
rCorr  .         Reflect  .     (no gloves)
SustAt .         Harm     .     e - +0 pair of boots
MR     +++..     NoTele   +     (no amulet)
Stlth  +++++.....               (no ring)
                                (no ring)

@: extremely resistant to hostile enchantments, quite stealthy
A: fangs 3, see invisible, unbreathing
a: Bat Form


You were on level 8 of the Dungeon.
You were not thirsty.

You visited 2 branches of the dungeon, and saw 9 of its levels.

You collected 544 gold pieces.

Inventory:

Hand Weapons
 a - a +1 dagger
 A - a +0 vampiric short sword
 G - the +4 dagger "Buufua" (weapon) {elec, -Tele rC+ MR+++ Str+3}
   (You found it on level 5 of the Dungeon)

   Occasionally, upon striking a foe, it will discharge some electrical energy
   and cause terrible harm.
   It affects your strength (+3).
   It protects you from cold.
   It affects your resistance to hostile enchantments.
   It prevents most forms of teleportation.
 J - a +0 dagger of venom
 T - a +2 falchion
Missiles
 s - 3 throwing nets (quivered)
Armour
 b - a +1 robe (worn)
 e - a +0 pair of boots (worn)
 v - a +0 chain mail of cold resistance
 y - a cursed -1 chain mail
 I - the cursed +0 robe "Ijaydif" {rC+, unknown}
   (You found it on level 5 of the Dungeon)

   It protects you from cold.
   It has a curse placed upon it.
 N - a +0 cloak (worn)
Jewellery
 j - an uncursed amulet of dismissal {unknown}
 B - an uncursed ring of positive energy {unknown}
 D - a cursed ring of loudness {unknown}
 L - an uncursed amulet of dismissal {unknown}
 M - a +6 ring of strength {unknown}
 O - a +2 ring of strength {unknown}
 P - an uncursed ring of magical power {unknown}
 S - an uncursed amulet of rage {unknown}
Wands
 H - a wand of hasting (4/9)
 K - a wand of confusion (23/48)
 Q - a wand of random effects (11/48)
Scrolls
 g - 2 scrolls of amnesia {unknown}
 k - 4 scrolls of enchant weapon {unknown}
 l - 3 scrolls of magic mapping {unknown}
 m - 2 scrolls of fog {unknown}
 n - 3 scrolls of remove curse {unknown}
 q - 2 scrolls of recharging {unknown}
 r - 3 scrolls of teleportation {unknown}
 x - 9 scrolls of identify {unknown}
 E - 2 scrolls of blinking {unknown}
 F - 2 scrolls of random uselessness {unknown}
 R - a scroll of summoning {unknown}
Potions
 d - 10 potions of blood
 f - 2 potions of cure mutation {unknown}
 h - a potion of invisibility {unknown}
 i - 3 potions of degeneration {unknown}
 o - 2 potions of heal wounds {unknown}
 p - 2 potions of agility {unknown}
 t - 3 potions of lignification {unknown}
 u - 5 potions of brilliance {unknown}
 w - a potion of haste {unknown}
 z - 5 potions of curing {unknown}
 C - a potion of might {unknown}
 U - a potion of resistance {unknown}
Books
 c - a book of Maledictions

   Spells                             Type                      Level
   a - Corona                         Hexes                        1
   b - Ensorcelled Hibernation        Hexes/Ice                    2
   c - Confuse                        Hexes                        3
   d - Tukima's Dance                 Hexes                        3
   e - Dazzling Spray                 Conjuration/Hexes            3


   Skills:
 + Level 5.0 Fighting
 + Level 6.1 Short Blades
 + Level 6.7 Dodging
 + Level 10.2 Stealth
 + Level 5.8 Spellcasting
 + Level 9.4 Hexes


You had 10 spell levels left.
You knew the following spells:

 Your Spells              Type           Power        Failure   Level  Hunger
a - Corona                Hex            #####..      1%          1    None
b - Ensorcelled Hibernat  Hex/Ice        ###...       2%          2    #......
c - Confuse               Hex            #####...     1%          3    ##.....
d - Tukima's Dance        Hex            #####...     1%          3    ##.....


Dungeon Overview and Level Annotations

Branches:
Dungeon (8/15)             Temple (1/1) D:7
   Lair: D:8-11

Altars:
Cheibriados
Dithmenos
Elyvilon
Fedhas
Gozag
Kikubaaqudgha
Makhleb
Nemelex Xobeh
Okawaru
Pakellas
Qazlal
Sif Muna
Trog
Uskayaw
Vehumet
Xom
Yredelemnul
The Shining One


Innate Abilities, Weirdness & Mutations

You have razor-sharp teeth.
You have supernaturally acute eyesight. (SInv)
You can survive without breathing.


Message History

You don't know that spell.
Casting: Confuse
Confirm with . or Enter, or press ? or * to list all spells.
Aiming: Confuse
Press: ? - help, Shift-Dir - straight line, f - cyan ugly thing
Aim: a cyan ugly thing (chance to defeat MR: 48%)
The cyan ugly thing resists with some effort.
The cyan ugly thing pecks you!
* * * LOW HITPOINT WARNING * * *
The cyan ugly thing shocks you!
* * * LOW HITPOINT WARNING * * *
You take 28 damage, and have 6/68 hp.
MASSIVE DAMAGE!!
You now have 12/17 mp.
Casting: Confuse
Confirm with . or Enter, or press ? or * to list all spells.
Aiming: Confuse
Press: ? - help, Shift-Dir - straight line, f/p - cyan ugly thing
Aim: a cyan ugly thing (chance to defeat MR: 48%)
The cyan ugly thing resists with some effort.
The cyan ugly thing pecks you!
You die...

###...####...###.....##..##
##...### #.........####..#
###..### #.####...####..###
##...## #.# ##..# #..^...
###..#### #'# #### #.....)
#...#...## ##.########
##..... ..##.....###
#...##....#####...# .
#........#####.#####.##.#
#...#
##........##.##@##.##.##.#
#..##
#.........##..†.u........#
####
##..%......##.##.##.##.##†#
#..........##.##.#####.####
#..........####...# #...#
...........## ##### ##.##
.....[......## #.#
......<......#### ..u
................# #.#


You could see a cyan ugly thing.

Vanquished Creatures
  A tengu warrior (D:8)
  A wyvern (D:8)
  Eustachio (D:6)
  Menkaure (D:4)
  A mottled dragon (D:8)
  A soldier ant (D:8)
  Duvessa (D:6)
  2 orc warriors (D:7)
  A sky beast (D:8)
  3 ogres
  2 phantoms
  4 centaurs
  Blork the orc (D:5)
  3 giant frogs
  Dowan (D:6)
  A scorpion (D:8)
  3 wights (D:7)
  A quasit (D:5)
  A jelly (D:8)
  5 hounds
  4 orc priests
  An iron imp (D:7)
  A giant frog skeleton (D:6)
  4 worker ants
  Ijyb (D:3)
  6 orc wizards
  A howler monkey zombie (D:7)
  9 adders
  4 gnolls
  A howler monkey skeleton (D:8)
  3 shadow imps
  An adder zombie (D:5)
  2 worms
  3 dart slugs
  4 giant geckos
  38 orcs
  4 giant cockroaches
  7 goblins
  A hobgoblin (D:3)
  7 jackals
  3 kobolds
  3 quokkas
  5 bats
  4 giant newts
  5 rats
157 creatures vanquished.

Notes
Turn   | Place    | Note
--------------------------------------------------------------
     0 | D:1      | mistymad the Vampire Enchanter began the quest for the Orb.
     0 | D:1      | Reached XP level 1. HP: 13/13 MP: 3/3
     6 | D:1      | Noticed a swamp worm
     6 | D:1      | Noticed a salamander
     6 | D:1      | Noticed a black bear
     7 | D:1      | Noticed a killer bee
     7 | D:1      | Noticed a crocodile
   356 | D:1      | Reached XP level 2. HP: 20/20 MP: 5/5
   676 | D:2      | Found a snail-covered altar of Cheibriados.
   927 | D:2      | Reached XP level 3. HP: 25/25 MP: 6/6
  1113 | D:2      | Learned a level 2 spell: Ensorcelled Hibernation
  1579 | D:3      | Noticed Ijyb
  1593 | D:2      | Learned a level 3 spell: Confuse
  1613 | D:3      | Killed Ijyb
  1613 | D:3      | Reached skill level 1 in Fighting
  1613 | D:3      | Reached skill level 5 in Stealth
  1613 | D:3      | Reached skill level 5 in Hexes
  1613 | D:3      | Reached XP level 4. HP: 31/32 MP: 1/7
  2299 | D:3      | Reached XP level 5. HP: 28/37 MP: 0/9
  2751 | D:3      | Noticed an ogre
  2759 | D:3      | Killed an ogre
  2759 | D:3      | Reached skill level 6 in Stealth
  2759 | D:3      | Reached XP level 6. HP: 44/44 MP: 6/10
  2764 | D:3      | Learned a level 3 spell: Tukima's Dance
  3074 | D:4      | Noticed Menkaure
  3082 | D:4      | Killed Menkaure
  3082 | D:4      | Reached XP level 7. HP: 51/51 MP: 1/12
  3249 | D:4      | Found an ancient bone altar of Kikubaaqudgha.
  3448 | D:5      | Entered Level 5 of the Dungeon
  3821 | D:4      | Found a shadowy altar of Dithmenos.
  3894 | D:4      | Found a stormy altar of Qazlal.
  3952 | D:4      | Found a deep blue altar of Sif Muna.
  4433 | D:5      | Reached skill level 7 in Stealth
  5002 | D:5      | Got a polished dagger
  5011 | D:5      | Identified the +4 dagger "Buufua" {elec, -Tele rC+ MR+++ Str+3} (You found it on level 5 of the Dungeon)
  5038 | D:5      | Reached XP level 8. HP: 46/58 MP: 3/14
  5047 | D:5      | Found a white marble altar of Elyvilon.
  5259 | D:5      | Noticed Blork the orc
  5266 | D:5      | Killed Blork the orc
  5418 | D:5      | Got a faintly humming robe
  5697 | D:6      | Noticed Eustachio
  5700 | D:6      | Noticed Dowan
  5727 | D:6      | Killed Eustachio
  5727 | D:6      | Reached skill level 5 in Dodging
  5727 | D:6      | Reached skill level 8 in Stealth
  6158 | D:6      | Noticed Duvessa
  6179 | D:6      | Killed Duvessa
  6182 | D:6      | Killed Dowan
  6550 | D:7      | Reached skill level 5 in Short Blades
  6564 | D:7      | Reached XP level 9. HP: 36/65 MP: 8/16
  6827 | D:7      | Reached skill level 5 in Spellcasting
  7000 | D:7      | Found a staircase to the Ecumenical Temple.
  7001 | D:7      | Reached skill level 9 in Stealth
  7184 | Temple   | Entered the Ecumenical Temple
  7754 | D:7      | Found a snail-covered altar of Cheibriados.
  8082 | D:8      | Noticed a tengu warrior
  8083 | D:8      | Noticed a cyan ugly thing
  8106 | D:8      | Killed a tengu warrior
  8106 | D:8      | Reached skill level 5 in Fighting
  8106 | D:8      | Reached skill level 10 in Stealth
  8108 | D:8      | Slain by a cyan ugly thing

Vault maps used:
D:1:      onia_arrival_zoo_common
D:2:      kennysheep_slug_shrine, kennysheep_boxes
D:3:      first_bread, patterned_corridor, uniq_iyjb
D:4:      marbit_many_paths, kennysheep_mini, lemuel_coloured_pillars_altar,
          grunt_qazlal_clouds, uniq_menkaure
D:5:      elyvilon_altar_1, uniq_blork_the_orc
D:6:      uniq_eustachio, uniq_duvessa
D:7:      temple_doors_e, chei_slow_surprise
D:8:      hangedman_cross_veins, nicolae_overflow_crystal_walls,
          minmay_lair_entry_lava
Temple:   minmay_temple_curvy_14

Skill      XL: |  1  2  3  4  5  6  7  8  9 |
---------------+----------------------------+-----
Fighting       | 1 2 3 4 5 |  5.0
Short Blades   | 2 3 5 6 |  6.1
Stealth        | 5 6 7 8 10 | 10.2
Hexes          | 5 6 7 8 9 |  9.4
Dodging        | 3 4 5 6 |  6.7
Spellcasting   | 3 4 5 |  5.8

Action                   |  1- 3 |  4- 6 |  7- 9 || total
-------------------------+-------+-------+-------++-------
Melee: Dagger            |    90 |    91 |   313 ||   494
       Bite              |    11 |     8 |    22 ||    41
 Cast: Corona            |     4 |       |       ||     4
       Ensorcelled Hiber |     5 |     6 |    20 ||    31
       Confuse           |     1 |    14 |    60 ||    75
  Use: Potion            |       |     4 |    15 ||    19
 Stab: Sleeping          |     7 |     5 |    31 ||    43
       Confused          |     2 |    11 |    22 ||    35
Armor: Robe              |    24 |    15 |    32 ||    71
Dodge: Dodged            |    52 |    50 |   146 ||   248
